 Dungeon Crawl Stone Soup version 0.27-a0-650-g8dd3ea4f36 (webtiles) character file.

Game seed: 12354719936802507100

9055 wakim the Destroyer (level 11, -4/54 HPs)
             Began as a Deep Elf Conjurer on Mar 15, 2021.
             Was a Priest of Vehumet.
             Shot with an arrow by a centaur warrior (20 damage)
             ... on level 13 of the Dungeon.
             The game lasted 00:46:02 (12633 turns).

wakim the Destroyer (Deep Elf Conjurer)            Turns: 12633, Time: 00:46:02

Health: -4/54      AC: 13    Str:  7    XL:     11   Next: 18%
Magic:  28/29      EV: 12    Int: 24    God:    Vehumet [***...]
Gold:   583        SH:  5    Dex: 13    Spells: 9/20 levels left

rFire    . . .     SeeInvis .   a - +2 trident (freeze)
rCold    . . .     Faith    .   z - +0 buckler
rNeg     . . .     Spirit   .   s - +0 swamp dragon scales
rPois    +         Reflect  .   n - +2 helmet
rElec    .         Harm     .   (no cloak)
rCorr    .         Rampage  .   i - +1 pair of gloves
Will     ++...                  (no boots)
Stlth    ++........             l - amulet of regeneration
HPRegen  1.18/turn              m - ring of magical power
MPRegen  0.21/turn              b - ring of willpower

@: no status effects
A: no striking features
a: Renounce Religion


You were on level 13 of the Dungeon.
You worshipped Vehumet.
Vehumet was most pleased with you.
You visited 2 branches of the dungeon, and saw 12 of its levels.
You also visited: Sewer.

You collected 583 gold pieces.

Inventory:

Hand Weapons
 a - a +2 trident of freezing (weapon)
Missiles
 c - 6 curare-tipped darts
 p - 4 boomerangs
 r - 5 javelins
 t - 38 poisoned darts
Armour
 i - a +1 pair of gloves (worn)
 n - a +2 helmet (worn)
 s - +0 swamp dragon scales (worn)
 w - a +0 kite shield
 z - a +0 buckler (worn)
 D - a +1 leather armour of fire resistance
Jewellery
 b - a ring of willpower (left hand)
 l - an amulet of regeneration (around neck)
 m - a ring of magical power (right hand)
 o - a ring of fire
 u - a +6 ring of dexterity
Wands
 d - a wand of digging (12)
 e - a wand of charming (14)
 j - a wand of polymorph (11)
 y - a wand of mindburst (14)
Scrolls
 q - a scroll of enchant weapon
 x - a scroll of enchant armour
 C - a scroll of fear {unknown}
 K - 2 scrolls of immolation
 X - 3 scrolls of magic mapping {@r4}
 Y - 5 scrolls of teleportation {@r3}
 Z - 3 scrolls of identify {@r1}
Potions
 f - 2 potions of degeneration
 g - 2 potions of resistance
 h - a potion of haste
 k - a potion of magic {unknown}
 A - 3 potions of attraction
 B - 3 potions of brilliance
 I - a potion of invisibility
 J - 4 potions of curing {@q1}
 L - 4 potions of flight
 M - 6 potions of might
 N - 4 potions of heal wounds {@q2}
 T - 2 potions of berserk rage
Miscellaneous
 v - a lightning rod (4/4)


   Skills:
 - Level 4.0 Armour
 - Level 8.0 Dodging
 - Level 6.0 Stealth
 + Level 5.0 Shields
 - Level 5.0 Spellcasting
 * Level 13.0 Conjurations
 - Level 4.0 Hexes
 - Level 4.0 Translocations
 + Level 4.3 Evocations


You had 9 spell levels left.
You knew the following spells:

 Your Spells              Type           Power      Damage    Failure   Level
a - Magic Dart            Conj           100%       1d8       1%          1
b - Iskenderun's Mystic   Conj/Tloc      46%        2d10      2%          4
f - Fulminant Prism       Conj/Hex       23%        3d13      2%          4
x - Searing Ray           Conj           100%       3d7       1%          2

Your spell library contained the following spells:

 Spells                   Type           Power      Damage    Failure   Level
 Stone Arrow              Conj/Erth      74%        3d11      1%          3
 Dazzling Flash           Conj/Hex       92%        N/A       1%          3
 Corona                   Hex            27%        N/A       5%          1
 Confusing Touch          Hex            25%        N/A       16%         3
 Tukima's Dance           Hex            25%        N/A       16%         3
 Ensorcelled Hibernation  Hex/Ice        30%        N/A       19%         2
 Beastly Appendage        Tmut           12%        N/A       26%         1
 Wereblood                Tmut           6%         N/A       38%         2
 Spider Form              Tmut/Pois      3%         N/A       63%         3
 Ice Form                 Ice/Tmut       6%         N/A       95%         4
 Blade Hands              Tmut           3%         N/A       100%        5


Dungeon Overview and Level Annotations

Branches:
Dungeon (13/15)            Temple (1/1) D:6            Lair (0/6) D:9
    Orc (0/2) D:10          Sewer (visited)
 Vaults: D:13-14

Altars:
Ashenzari
Cheibriados
Dithmenos
Elyvilon
Fedhas
Gozag
Hepliaklqana
Kikubaaqudgha
Makhleb
Nemelex Xobeh
Okawaru
Ru
Uskayaw
Vehumet
Wu Jian
Yredelemnul
Zin
The Shining One

Shops:
D:4 :   D:5 (   D:10 ?

Portals:
Trove: D:10 (give 6 scrolls of blinking)

Annotations:
D:5 2 transporters
D:8 2 transporters, p0werm0de's ghost, novice GrFi
D:9 Gastronok
D:13 exclusion: ice statue, Frances


Message History

HP restored.
Frances chants phrases taken from a devil's mouth.
Frances is nearby!
Really walk into a travel-excluded area?
A tengu conjurer comes into view.
The magic dart hits the tengu conjurer.
The tengu conjurer is lightly wounded.
The magic dart hits the tengu conjurer!
The tengu conjurer is moderately wounded.
Casting: Magic Dart (safe; 1% risk of failure)
Confirm with . or Enter, or press ? or * to list all spells.
You can't see any susceptible monsters within range! (Use Z to cast anyway.) Unknown command.
Frances drinks a potion.
Frances seems to speed up.
The tengu conjurer casts a spell.
The tengu conjurer conjures a globe of magical energy!
A battlesphere comes into view.
Frances whispers indecipherable words.
The tengu conjurer casts a spell at you.
The bolt of lightning hits you!
Frances chants phrases taken from a devil's mouth.
The iron shot hits you!!
Ouch! That really hurt!
* * * LOW HITPOINT WARNING * * *
Casting: Magic Dart (safe; 1% risk of failure)
Confirm with . or Enter, or press ? or * to list all spells.
Aiming: Searing Ray (safe; 1% risk of failure)
Press: ? - help, Shift-Dir - straight line, f - battlesphere
Aim: a battlesphere (6% to evade)
The searing ray misses the battlesphere. (Press . to maintain the ray.)
As you read the scroll of teleportation {@r3}, it crumbles to dust.
You feel strangely unstable.
Frances chants phrases taken from a devil's mouth.
The iron shot hits you!
* * * LOW HITPOINT WARNING * * *
Your surroundings suddenly seem different.
The centaur warrior wields a shortbow.
The centaur warrior shoots an arrow.
The arrow hits you!!
You die...

......
......
......
######......
#....c......
#...........
#...........
#...@.......
#...........
#...........
########....
... .. . ..
.......


You could see a centaur warrior.

Vanquished Creatures
  2 two-headed ogres
  Pikel (D:6)
  A manticore (D:10)
  A centaur zombie (D:10)
  A gargoyle (D:10)
  A centaur skeleton (D:13)
  Maggie (D:6)
  The ghost of diceflayer the Shield-Bearer, an amateur FoFi (D:4)
  Grinder (D:4)
  A hornet (D:9)
  Sigmund (D:2)
  A wyvern (D:9)
  A wraith (D:10)
  A shadow (D:10)
  5 yaks (D:9)
  Menkaure (D:6)
  A water moccasin (D:9)
  2 sky beasts
  4 ice beasts
  6 ogres
  An ogre (shapeshifter) (D:9)
  3 centaurs
  3 phantoms
  5 kobold brigands
  4 bullfrogs
  2 scorpions (D:9)
  2 electric eels (D:6)
  A howler monkey (D:6)
  5 quasits
  4 jellies
  3 orc priests
  A bullfrog skeleton (D:5)
  7 hounds
  4 iguanas
  4 orc wizards
  5 worker ants
  Terence (D:2)
  A hound zombie (D:5)
  Robin (D:2)
  4 gnolls (D:4)
  3 adders
  A howler monkey skeleton (D:9)
  3 ufetubi
  5 oozes
  An adder skeleton (D:4)
  2 worms
  2 dart slugs (D:1)
  4 leopard geckos
  51 orcs
  4 ball pythons
  5 giant cockroaches
  13 goblins
  11 hobgoblins
  6 jackals
  24 kobolds
  5 quokkas
  A ball python zombie (D:5)
  8 bats
  3 frilled lizards
  A leopard gecko skeleton (D:6)
  7 rats
255 creatures vanquished.

Vanquished Creatures (others)
  12 fulminant prisms
  2 fungi (D:9)
  15 plants
29 creatures vanquished.

Grand Total: 284 creatures vanquished

Notes
Turn   | Place    | Note
-------+----------+-------------------------------------------
     0 | D:1      | wakim the Deep Elf Conjurer began the quest for the Orb.
     0 | D:1      | Reached XP level 1. HP: 10/10 MP: 6/6
   131 | D:1      | Reached XP level 2. HP: 15/15 MP: 1/8
   204 | D:1      | Learned a level 2 spell: Searing Ray
   701 | D:1      | Reached skill level 5 in Conjurations
  1146 | D:1      | Reached XP level 3. HP: 19/19 MP: 7/10
  1501 | D:2      | Noticed Sigmund
  1523 | D:2      | Killed Sigmund
  1524 | D:2      | Reached skill level 5 in Spellcasting
  1524 | D:2      | Reached skill level 6 in Conjurations
  1524 | D:2      | Reached XP level 4. HP: 13/24 MP: 4/13
  1524 | D:2      | Reached XP level 5. HP: 15/28 MP: 4/14
  1746 | D:2      | Noticed Robin
  1748 | D:2      | Found a sacrificial altar of Ru.
  1779 | D:2      | Killed Robin
  1900 | D:2      | Noticed Terence
  1909 | D:2      | Became a worshipper of Ru the Awakened
  1922 | D:2      | Killed Terence
  1923 | D:2      | Reached skill level 7 in Conjurations
  2283 | D:2      | You fall into a shaft and drop 2 floors!
  2292 | D:4      | Learned a level 4 spell: Fulminant Prism
  2297 | D:4      | Learned a level 4 spell: Iskenderun's Mystic Blast
  2308 | D:4      | Found a transporter.
  2392 | D:4      | Reached XP level 6. HP: 20/32 MP: 11/15
  2805 | D:4      | Reached skill level 8 in Conjurations
  2958 | D:4      | Reached skill level 9 in Conjurations
  2958 | D:4      | Reached XP level 7. HP: 36/36 MP: 10/16
  3024 | D:4      | Noticed Grinder
  3031 | D:4      | Killed Grinder
  3435 | D:4      | Found Xameby's Book Shoppe.
  3495 | D:4      | Reached skill level 10 in Conjurations
  3539 | D:4      | Found a transporter.
  3544 | D:4      | Noticed diceflayer's ghost (amateur FoFi)
  4145 | D:3      | Found a sparkling altar of Nemelex Xobeh.
  4333 | D:3      | Found a glowing drain.
  4344 | Sewer    | Entered a sewer
  4441 | Sewer    | Reached XP level 8. HP: 41/41 MP: 17/17
  4727 | Sewer    | Reached skill level 11 in Conjurations
  4910 | D:3      | Found an iron altar of Okawaru.
  5706 | D:5      | Entered Level 5 of the Dungeon
  5740 | D:5      | Found a transporter.
  5995 | D:5      | Found a transporter.
  6034 | D:5      | Found Taupp's Antique Weapon Shoppe.
  6407 | D:5      | Found a burning altar of Makhleb.
  6573 | D:6      | Noticed Menkaure
  6577 | D:6      | Killed Menkaure
  6578 | D:6      | Reached skill level 1 in Hexes
  6578 | D:6      | Reached skill level 1 in Translocations
  6600 | D:6      | Found a blossoming altar of Fedhas.
  6602 | D:6      | Found a broken altar of Ashenzari.
  6624 | D:6      | Found a hazy altar of Hepliaklqana.
  6676 | D:6      | Found a staircase to the Ecumenical Temple.
  6697 | Temple   | Entered the Ecumenical Temple
  6832 | Temple   | Fell from the grace of Ru
  6832 | Temple   | Became a worshipper of Vehumet
  6932 | D:6      | Noticed Pikel
  6939 | D:6      | Killed Pikel
  6940 | D:6      | Reached skill level 5 in Dodging
  6940 | D:6      | Reached XP level 9. HP: 38/45 MP: 15/18
  6941 | D:6      | Noticed Maggie
  7145 | D:6      | Killed Maggie
  7530 | D:6      | Reached skill level 5 in Stealth
  7741 | D:6      | Found a glowing golden altar of the Shining One.
  8077 | D:7      | Found a white marble altar of Elyvilon.
  8505 | D:8      | Noticed p0werm0de's ghost (novice GrFi)
  8510 | D:8      | Identified the +3 great mace "Pileud" {vorpal, MP+9 Int+3
                  | Dex+6}
  8537 | D:8      | Found a transporter.
  8645 | D:4      | Killed diceflayer's ghost
  8646 | D:4      | Reached skill level 1 in Armour
  8853 | D:8      | Reached * piety under Vehumet
  8853 | D:8      | Offered knowledge of Sandblast by Vehumet.
  9130 | D:8      | Found an ornate altar of the Wu Jian Council.
  9130 | D:8      | Found a hide-covered altar of Uskayaw.
  9494 | D:8      | Found a transporter.
  9908 | D:9      | Noticed a two-headed ogre
  9921 | D:9      | Killed a two-headed ogre
  9922 | D:9      | Reached XP level 10. HP: 25/50 MP: 19/19
 10000 | D:9      | Found a staircase to the Lair.
 10273 | D:9      | Noticed Gastronok
 10371 | D:9      | Reached ** piety under Vehumet
 10435 | D:9      | Offered knowledge of Freeze by Vehumet.
 10808 | D:9      | Reached skill level 5 in Shields
 11226 | D:10     | Entered Level 10 of the Dungeon
 11245 | D:10     | Noticed a manticore
 11255 | D:9      | Reached skill level 1 in Evocations
 11395 | D:10     | Killed a manticore
 11396 | D:10     | Reached skill level 12 in Conjurations
 11605 | D:10     | Found a staircase to the Orcish Mines.
 11719 | D:10     | Found Yrocigil's Magic Scroll Shoppe.
 11761 | D:10     | Noticed a gargoyle
 11774 | D:10     | Killed a gargoyle
 11837 | D:10     | Offered knowledge of Stone Arrow by Vehumet.
 12021 | D:10     | Reached XP level 11. HP: 52/54 MP: 20/20
 12257 | D:10     | Noticed a two-headed ogre
 12268 | D:10     | Killed a two-headed ogre
 12430 | D:10     | Found a portal to a secret trove of treasure.
 12430 | D:10     | You fall into a shaft and drop 3 floors!
 12452 | D:13     | Reached skill level 13 in Conjurations
 12502 | D:13     | Reached *** piety under Vehumet
 12575 | D:13     | Noticed Frances
 12633 | D:13     | Shot with an arrow by a centaur warrior

Illustrated notes

Levels and vault maps discovered:
D:1:      dpeg_arrival_yet_another_circle, layout_loops_corners,
          minmay_heptomino_w4
D:2:      layout_basic, old_standard_altar, nrook_campfire, serial_bayou_ford_a,
          uniq_terence, uniq_sigmund, uniq_robin
D:3:      layout_loops_ring, okawaru_altar_gauntlet_db,
          nemelex_xobeh_ov_fountains_minmay, portal_sewer_entry_d
D:4:      layout_basic, serial_shops, kennysheep_little_box,
          gammafunk_ghost_stat_death, uniq_grinder
D:5:      gammafunk_cloud_chamber, layout_cave_pools,
          makhleb_blood_cavern_becter, serial_shops, nicolae_shop_stone,
          kb_lookout_dungeons_type
D:6:      wad_lake_hut, layout_basic, nicolae_overflow_quartered_altars,
          minmay_temple_entry_wispy, uniq_pikel, uniq_menkaure, uniq_maggie
D:7:      layout_rooms, elyvilon_altar_5, small_statue_intersection
D:8:      layout_gridville, amethyst_overflow_temple_binary,
          gammafunk_ghost_smash, glass_columns_a
D:9:      layout_basic, dpeg_oklobed_lair, minmay_bent, uniq_gastronok
D:10:     layout_loops_ring, orc_0_dummy, serial_shops, kennysheep_mini_moat,
          shop, nicolae_trove_entry_path_of_doom
D:13:     layout_grid_maze, minivault_15, uniq_frances
Temple:   minmay_temple_curvy_loop

Skill      XL: |  1  2  3  4  5  6  7  8  9 10 11 |
---------------+----------------------------------+-----
Conjurations   | 5 6 7 9 10 11 12 13 | 13.0
Spellcasting   | 5 |  5.0
Dodging        | 5 8 |  8.0
Hexes          | 3 4 |  4.0
Translocations | 2 4 |  4.0
Stealth        | 4 6 |  6.0
Armour         | 2 4 |  4.0
Shields        | 2 5 |  5.0
Evocations     | 3 4 |  4.3

Action                   |  1- 3 |  4- 6 |  7- 9 | 10-12 || total
-------------------------+-------+-------+-------+-------++-------
Melee: Dagger            |     5 |       |       |       ||     5
       Spear             |       |     5 |       |       ||     5
       Trident           |       |       |    11 |     1 ||    12
 Cast: Magic Dart        |    39 |    28 |   113 |    47 ||   227
       Searing Ray       |     1 |    18 |    64 |    57 ||   140
       Fulminant Prism   |       |       |     9 |     3 ||    12
       Iskenderun's Myst |       |       |     3 |     7 ||    10
  Use: Scroll            |       |       |    20 |     1 ||    21
       Potion            |       |       |     1 |       ||     1
 Stab: Sleeping          |       |       |     1 |       ||     1
Armor: Robe              |       |     8 |     7 |       ||    15
       Swamp dragon scal |       |       |    28 |    22 ||    50
Dodge: Dodged            |     2 |    20 |    73 |    15 ||   110
Block: Kite shield       |       |       |     3 |    15 ||    18
       Buckler           |       |       |       |     6 ||     6

Table legend: (Time is in decaauts)
 A = Elapsed time spent in this place.
 B = Non-inter-level travel time spent in this place.
 C = Inter-level travel time spent in this place.
 D = Time resting spent in this place.
 E = Time spent auto-exploring this place.
 F = Levels seen in this place.
 G = Mean time per level.
                   A        B        C        D        E       F      G
               +--------+--------+--------+--------+--------+-----+--------+
         Total |  12749 |  12189 |    560 |     32 |  10019 |  13 |  980.7 |
       Dungeon |  11941 |  11436 |    505 |     32 |   9446 |  11 | 1085.5 |
        Temple |    328 |    273 |     55 |      0 |    250 |   1 |  328.0 |
         Sewer |    479 |    479 |      0 |      0 |    322 |   1 |  479.0 |
               +--------+--------+--------+--------+--------+-----+--------+

Top non-repeatable levels by time:
     D:9: 1666 daAuts
     D:4: 1623 daAuts
     D:1: 1425 daAuts
     D:2: 1292 daAuts
     D:6: 1177 daAuts
     D:3: 1067 daAuts
     D:8: 1013 daAuts
    D:10: 981 daAuts
     D:5: 930 daAuts
     D:7: 562 daAuts
   Sewer: 479 daAuts
  Temple: 328 daAuts
    D:13: 203 daAuts
